 Dungeon Crawl Stone Soup version 0.31.0-12-g77e489cdc1 (webtiles) character file.

Game seed: 1169701420328160742

4666 Killerpretzel the Mimic (level 10, 0/68 HPs)
             Began as an Octopode Shapeshifter on Feb 12, 2024.
             Was a Follower of Vehumet.
             Slain by Grum
             ... wielding a -1 glaive of protection
              (22 damage)
             ... on level 8 of the Dungeon.
             The game lasted 00:15:50 (9590 turns).

Killerpretzel the Mimic (Octopode Shapeshifter)     Turns: 9590, Time: 00:15:50

Health: 0/68       AC:  1    Str: 13    XL:     10   Next: 44%
Magic:  0/10       EV: 16    Int: 13    God:    Vehumet [*.....]
Gold:   408        SH:  6    Dex: 16    Spells: 9/9 levels left

rFire   . .          .
                       - Unarmed
rCold   . . .        j - +0 buckler
rNeg    . . .        (helmet currently unavailable)
rPois   +            v - amulet of guardian spirit
rElec   .            i - ring of poison resistance
rCorr   .            (no ring)
SInv    .            (no ring)
Will    .....        (no ring)
Stlth   ++           (no ring)
HPRegen 0.31/turn    (no ring)
MPRegen 0.12/turn    (no ring)
                     (no ring)

%: guardian spirit
@: beast-form
A: beast (slay +4), almost no armour, amphibious, 8 rings, camouflage 1,
gelatinous body 1, (nimble swimmer 1), tentacles
a: Begin Untransformation, Renounce Religion


You were on level 8 of the Dungeon.
You worshipped Vehumet.
Vehumet was aware of your devotion.
You were a hulking beast.
You visited 2 branches of the dungeon, and saw 9 of its levels.
You also visited: Sewer.

You collected 408 gold pieces.

Inventory:

Hand Weapons
 t - the +7 rapier of the Secret Ears {heavy, Dex+5}
   (You found it on level 7 of the Dungeon)

   Dex+5:     It affects your dexterity (+5).
Missiles
 h - 18 boomerangs (quivered)
Armour
 j - a +0 buckler (worn)
Jewellery
 i - a ring of poison resistance (left tentacle)
 n - an amulet of reflection
 v - an amulet of guardian spirit (around mantle)
Talismans
 b - a beast talisman
 c - a flux talisman
Wands
 m - a wand of iceblast (6)
 u - a wand of charming (7)
Scrolls
 e - 3 scrolls of vulnerability
 l - 6 scrolls of teleportation
 s - 2 scrolls of enchant weapon
Potions
 a - a potion of invisibility
 d - a potion of haste {unknown}
 f - 2 potions of degeneration
 k - 2 potions of mutation
 o - a potion of berserk rage {unknown}
 p - a potion of cancellation {unknown}
 q - a potion of magic {unknown}
 r - a potion of curing
 w - a potion of brilliance {unknown}
 z - a potion of enlightenment {unknown}


   Skills:
 + Level 6.2 Fighting
 + Level 6.4 Dodging
 + Level 5.6 Shields
 + Level 6.7 Unarmed Combat
 * Level 8.7 Shapeshifting


You had 9 spell levels left.
You didn't know any spells.
Your spell library contained the following spells:

 Spells                   Type           Power      Damage    Failure   Level
 Kiss of Death            Conj/Necr      0%         2d5       38%         1
 Magic Dart               Conj           0%         1d3       38%         1
 Slow                     Hex            0%         N/A       38%         1
 Blink                    Tloc           0%         N/A       52%         2
 Call Imp                 Summ           0%         N/A       52%         2
 Confusing Touch          Hex            0%         N/A       77%         3
 Sigil of Binding         Hex            0%         N/A       77%         3
 Vampiric Draining        Necr           0%         2d6       77%         3
 Brom's Barrelling Bould  Conj/Erth      0%         2d3       99%         4
 Manifold Assault         Tloc           0%         N/A       99%         4
 Fireball                 Conj/Fire      0%         3d3       100%        5
 Iskenderun's Battlesphe  Conj           0%         2d6       100%        5
 Conjure Ball Lightning   Conj/Air       0%         3x3d6     100%        6
 Dispersal                Tloc           0%         N/A       100%        6
 Orb of Destruction       Conj           0%         9d5       100%        7
 Disjunction              Tloc           0%         N/A       100%        8


Dungeon Overview and Level Annotations

Branches:
Dungeon (8/15)             Temple (1/1) D:7           Sewer (visited)
   Lair: D:8-11

Altars:
Ashenzari
Dithmenos
Elyvilon
Fedhas
Gozag
Hepliaklqana
Kikubaaqudgha
Makhleb
Nemelex Xobeh
Okawaru
Ru
Sif Muna
Trog
Uskayaw
Vehumet
Wu Jian
Xom
Yredelemnul
Zin
The Shining One

Annotations:
D:4 3 runed translucent doors, exclusion: 3 doors, topfpfpflanze's ghost, novice NaAl
D:8 Grum; Maurice


Innate Abilities, Weirdness & Mutations

You are a hulking beast.
Your limbs bulge with bestial killing power. (Slay +4)
You cannot wear most types of armour.
You are amphibious.
You can wear up to eight rings at the same time.
Your skin changes colour to match your surroundings (Stealth+).
Your rubbery body absorbs attacks. (AC +1, EV +1)
((You are camouflaged when in or above water. (Stealth+)))
You have tentacles for arms and can constrict up to eight enemies at once.


Message History

You feel sick. You block the killer bee's attack.
The killer bee completely misses you. The killer bee misses you.
The killer bee closely misses you. The killer bee stings you.
* * * LOW HITPOINT WARNING * * *
The killer bee stings you!
* * * LOW HITPOINT WARNING * * *
You feel much better.
You feel sick. The killer bee misses you. You block the killer bee's attack.
The killer bee closely misses you. x2
The killer bee barely misses you. The killer bee stings you.
Okay, then.
Blink to where?
Press: ? - help, Dir - move target
As you read the scroll of blinking, it crumbles to dust.
You feel sick.
As you read the scroll of teleportation, it crumbles to dust.
You feel strangely unstable.
You feel sick.
You feel sick.
You are no longer poisoned.
The killer bee completely misses you.
Your surroundings suddenly seem different.
A centaur comes into view.
Blink to where?
Press: ? - help, Dir - move target
As you read the scroll of blinking, it crumbles to dust.
Grum growls angrily.
The wolf howls!
You block the wolf's attack.
You tentacle-slap the wolf. You grab the wolf.
The wolf is moderately wounded.
You constrict the wolf. The wolf closely misses you. The wolf misses you.
You tentacle-slap the wolf but do no damage.
The wolf is moderately wounded.
You constrict the wolf, but do no damage.
The wolf bites you!
You tentacle-slap the wolf but do no damage.
You tentacle-slap the wolf!
The wolf is severely wounded.
You constrict the wolf. The wolf closely misses you.
Grum hits you from afar with a -1 glaive of protection!!
You die...

#...#.# ##...........#.##.....###
##...####...............#...###.#
##.......##..........##......#.#
##.....#.##..#........#.....###..
......###....#...............##..
.....###>.............##.........
##..............g........>รท....g#
##..##..#.....#h#..............#
##.####..#..##h##............h#
#^..###..............###.....<
#..####........#..#..##.#.....
###..#.#..................##.#..
##.........##............##.#.#..
.....#.....###.......#....#...##.
#####......###............##....#
#.#..[..#............###...##
####...............#..##..#.#


You could see Grum and a wolf.

Vanquished Creatures
  Pikel (D:8)
  A troll (D:8)
  A hornet (D:7)
  7 yaks
  A wyvern (D:7)
  2 water moccasins (D:7)
  Pargi (Sewer)
  A sky beast (D:7)
  A black bear (D:7)
  A wolf (D:8)
  An ice beast (D:8)
  An ogre (D:6)
  4 lemures (D:8)
  4 phantoms
  A kobold brigand (D:4)
  2 brain worms (Sewer)
  4 bullfrogs
  2 scorpions
  4 wights (D:8)
  5 killer bees (D:8)
  3 howler monkeys (D:8)
  3 hounds
  3 bombardier beetles
  A gnoll bouda (D:6)
  An iguana (D:6)
  2 jellies
  A sleepcap (D:6)
  An orc wizard (D:6)
  3 gnolls (D:6)
  6 adders
  2 white imps
  5 dart slugs
  A ribbon worm (D:4)
  18 orcs
  3 bats
  5 endoplasms
  5 giant cockroaches
  13 goblins
  8 hobgoblins
  5 jackals
  6 kobolds
  4 quokkas
  12 ball pythons
  14 frilled lizards
  9 rats
179 creatures vanquished.

Notes
Turn   | Place    | Note
-------+----------+-------------------------------------------
     0 | D:1      | Killerpretzel the Octopode Shapeshifter began the quest for
                  | the Orb.
     0 | D:1      | Reached XP level 1. HP: 13/13 MP: 1/1
   166 | D:1      | Found a faded altar of an unknown god.
   190 | D:1      | Reached XP level 2. HP: 7/18 MP: 2/2
   342 | D:1      | Reached XP level 3. HP: 11/23 MP: 3/3
  2113 | D:3      | Reached XP level 4. HP: 29/29 MP: 4/4
  2136 | D:3      | Found a glowing drain.
  2176 | Sewer    | Entered a sewer
  2207 | Sewer    | Noticed a brain worm
  2208 | Sewer    | Noticed a brain worm
  2219 | Sewer    | Killed a brain worm
  2220 | Sewer    | Reached skill level 1 in Shields
  2220 | Sewer    | Reached skill level 4 in Shapeshifting
  2220 | Sewer    | Reached XP level 5. HP: 11/34 MP: 1/5
  2433 | Sewer    | Noticed Pargi
  2459 | Sewer    | Killed Pargi
  2460 | Sewer    | Reached XP level 6. HP: 30/41 MP: 6/6
  2975 | D:3      | Found a glowing silver altar of Zin.
  3116 | D:3      | Found an iron altar of Okawaru.
  3118 | D:3      | Found an ancient bone altar of Kikubaaqudgha.
  3118 | D:3      | Found an opulent altar of Gozag.
  3121 | D:3      | Found an ornate altar of the Wu Jian Council.
  3305 | D:3      | Found a bloodstained altar of Trog.
  3496 | D:4      | Found a broken altar of Ashenzari.
  3534 | D:4      | Found a runed translucent gate.
  3536 | D:4      | Found a runed translucent gate.
  3537 | D:4      | Found a runed translucent gate.
  3537 | D:4      | Noticed topfpfpflanze's ghost (novice NaAl)
  4083 | D:4      | Reached XP level 7. HP: 46/46 MP: 7/7
  4109 | D:4      | Reached skill level 5 in Shapeshifting
  4530 | D:4      | Noticed a yak
  4544 | D:4      | Killed a yak
  4882 | D:5      | Entered Level 5 of the Dungeon
  5224 | D:5      | Reached XP level 8. HP: 53/53 MP: 8/8
  5745 | D:6      | Found a sacrificial altar of Ru.
  5891 | D:6      | Reached skill level 6 in Shapeshifting
  6188 | D:6      | Reached skill level 5 in Unarmed Combat
  6253 | D:6      | Found a shadowy altar of Dithmenos.
  6403 | D:7      | Noticed a wyvern
  6412 | D:7      | Killed a wyvern
  6631 | D:7      | Found a staircase to the Ecumenical Temple.
  6707 | Temple   | Entered the Ecumenical Temple
  6718 | Temple   | Became a worshipper of Vehumet
  6806 | D:7      | Reached XP level 9. HP: 32/59 MP: 9/9
  6925 | D:7      | Reached skill level 5 in Dodging
  6950 | D:7      | Identified the +7 rapier of the Secret Ears {heavy, Dex+5}
  6963 | D:7      | Reached skill level 7 in Shapeshifting
  7200 | D:7      | Noticed a hornet
  7214 | D:7      | Killed a hornet
  7215 | D:7      | Reached skill level 5 in Fighting
  7601 | D:7      | Reached skill level 5 in Shields
  7601 | D:7      | Reached skill level 8 in Shapeshifting
  8078 | D:8      | Noticed Grum
  8098 | D:8      | Reached XP level 10. HP: 32/68 MP: 10/10
  8263 | D:8      | Reached * piety under Vehumet
  8263 | D:8      | Offered knowledge of Kiss of Death by Vehumet.
  8941 | D:8      | Noticed Pikel
  8960 | D:8      | Killed Pikel
  9083 | D:8      | Noticed Maurice
  9590 | D:8      | Slain by Grum

Illustrated notes

Levels and vault maps discovered:
D:1:      wander_arrival_lonely_grave, layout_basic,
          shapermc_ecumenical_altar_gd, minmay_lizard_pond
D:2:      layout_loops_corners, kennysheep_generic_room_10
D:3:      layout_loops_ring, trog_hazing_becter, minitemple,
          portal_sewer_entry_b
D:4:      layout_basic, evilmike_ruin_ashenzari, gammafunk_ghost_nasty_kobolds,
          nzn_random_ring
D:5:      layout_gridville
D:6:      layout_rooms, nicolae_overflow_hidden_temple,
          lemuel_coloured_pillars_altar
D:7:      layout_layer_cave, minmay_temple_entry_stoned_glass, enter_bailey_5,
          st_stairs_12
D:8:      layout_layer_cave, uniq_pikel, uniq_maurice, uniq_grum
Temple:   nicolae_temple_bog_church

Skill      XL: |  1  2  3  4  5  6  7  8  9 10 |
---------------+-------------------------------+-----
Fighting       | 2 3 4 5 6 |  6.2
Shields        | 1 2 4 5 |  5.6
Shapeshifting  | 4 5 6 8 |  8.7
Dodging        | 3 4 5 6 |  6.4
Unarmed Combat | 4 5 6 |  6.7

Action                     |  1- 3 |  4- 6 |  7- 9 | 10-12 || total
---------------------------+-------+-------+-------+-------++-------
  Melee: Unarmed           |    77 |   117 |   223 |    83 ||   500
         Constrict         |    20 |    24 |    37 |    19 ||   100
         Tentacles         |     9 |    13 |    61 |    22 ||   105
         Punch             |     2 |     5 |     8 |     6 ||    21
  Throw: Boomerang         |       |       |     3 |     9 ||    12
  Evoke: Wand              |       |       |       |     2 ||     2
    Use: Scroll            |     4 |     4 |     6 |     4 ||    18
         Potion            |       |     1 |     4 |     2 ||     7
   Stab: Sleeping          |     5 |    13 |     5 |       ||    23
         Distracted        |       |     1 |     1 |       ||     2
 Armour: Skin              |    29 |    76 |    95 |    52 ||   252
  Dodge: Dodged            |    34 |    57 |   137 |    73 ||   301
  Block: Buckler           |     3 |    20 |    50 |    52 ||   125
